| TOP OF THE 1ST |
|
Bullpitt Chesters batting - Pitching for Union Township Sodbusters : RHP Hooks Dauss
|
|
Pitching: RHP Hooks Dauss
|
|
|
Batting: LHB Joe Sewell
|
0-0: Ball 1-0: Swinging Strike 1-1: Fly out, F3 (Popup, 3SF, EV 78.8 MPH)
|
|
Batting: RHB Milt Stock
|
0-0: Ball 1-0: Swinging Strike 1-1: Ball 2-1: Ground out 6-3 (Groundball, 6, EV 106.3 MPH)
|
|
Batting: LHB Lou Gehrig
|
0-0: Fly out, F9 (Flyball, 89M, EV 96.3 MPH)
|
| Top of the 1st over - 0 runs, 0 hits, 0 errors, 0 left on base; Bullpitt 0 - Union Township 0 |
| BOTTOM OF THE 1ST |
|
Union Township Sodbusters batting - Pitching for Bullpitt Chesters : LHP Wilbur Cooper
|
|
Pitching: LHP Wilbur Cooper
|
|
|
Now at C: Ernie Vick
|
|
|
Now at SS: Ossie Bluege
|
|
|
Now in LF: Charlie Blackwell
|
|
|
Now in CF: Denver Grigsby
|
|
|
Now in RF: Harry Heilmann
|
|
|
Batting: LHB Goose Goslin
|
0-0: Called Strike 0-1: Ball 1-1: Swinging Strike 1-2: SINGLE (Line Drive, 9S, EV 87.5 MPH)
|
|
Batting: SHB Frankie Frisch
|
0-0: Called Strike 0-1: Ball 1-1: Ball 2-1: SINGLE (Line Drive, 8RS, EV 89.4 MPH) Goose Goslin to second
|
|
Batting: RHB Austin McHenry
|
0-0: Ball 1-0: SINGLE (Groundball, 6MD, EV 95.6 MPH) Goose Goslin to third Frankie Frisch to second
|
|
Batting: RHB Bubbles Hargrave
|
0-0: Swinging Strike 0-1: Fly out, F8 (Line Drive, 8LM, EV 94.4 MPH) Runner from 3rd tags up, SCORES, no throw by CF
|
|
Batting: RHB Chick Hafey
|
0-0: Ball 1-0: Fly out, F8 (Line Drive, 8RM, EV 88.8 MPH) Runner from 2nd tags up, SAFE at 3rd with throw by CF
|
|
Batting: RHB John Kelleher
|
0-0: Ball 1-0: Ball 2-0: Called Strike 2-1: Fly out, F4 (Line Drive, 4, EV 65.0 MPH)
|
| Bottom of the 1st over - 1 run, 3 hits, 0 errors, 2 left on base; Bullpitt 0 - Union Township 1 |
| TOP OF THE 2ND |
|
Bullpitt Chesters batting - Pitching for Union Township Sodbusters : RHP Hooks Dauss
|
|
Batting: RHB Harry Heilmann
|
0-0: Ball 1-0: Swinging Strike
|
|
Pitching: RHP Hooks Dauss
|
1-1: Foul Ball, location: 2F 1-2: Ground out 6-3 (Groundball, 6, EV 90.6 MPH)
|
|
Batting: LHB Denver Grigsby
|
0-0: Ground out 6-3 (Groundball, 6, EV 79.4 MPH)
|
|
Batting: RHB Ossie Bluege
|
0-0: Ball 1-0: Ball 2-0: DOUBLE (Line Drive, 78XD, EV 106.9 MPH)
|
|
Batting: LHB Charlie Blackwell
|
0-0: Ball 1-0: Fly out, F8 (Flyball, 89S, EV 86.3 MPH)
|
| Top of the 2nd over - 0 runs, 1 hit, 0 errors, 1 left on base; Bullpitt 0 - Union Township 1 |
| BOTTOM OF THE 2ND |
|
Union Township Sodbusters batting - Pitching for Bullpitt Chesters : LHP Wilbur Cooper
|
|
Batting: LHB David Miner
|
0-0: Ball 1-0: Called Strike 1-1: Foul Ball, location: 2F 1-2: Foul Ball, location: 2F 1-2: Foul Ball, location: 2F 1-2: Ball 2-2: Ball 3-2: SINGLE (Line Drive, 78S, EV 91.9 MPH)
|
|
Batting: RHB Jimmy E Cooney
|
0-0: Ball 1-0: Ball 2-0: Called Strike 2-1: Grounds into double play, 6-4-3 (Groundball, 56, EV 88.1 MPH)
|
|
Batting: RHB Stan Coveleski
|
0-0: Ball 1-0: Called Strike 1-1: Ground out 5-3 (Groundball, 56S, EV 86.3 MPH)
|
| Bottom of the 2nd over - 0 runs, 1 hit, 0 errors, 0 left on base; Bullpitt 0 - Union Township 1 |
| TOP OF THE 3RD |
|
Bullpitt Chesters batting - Pitching for Union Township Sodbusters : RHP Stan Coveleski
|
|
Batting: RHB Ernie Vick
|
0-0: Ball 1-0: Called Strike 1-1: Swinging Strike 1-2: Ball 2-2: Ball 3-2: Fly out, F4 (Flyball, 34D, EV 75.6 MPH)
|
|
Batting: RHB Wilbur Cooper
|
0-0: Foul Ball, location: 2F 0-1: Swinging Strike 0-2: Ball 1-2: Strikes out swinging
|
|
Batting: LHB Joe Sewell
|
0-0: Swinging Strike 0-1: Ground out 4-3 (Groundball, 4, EV 107.5 MPH)
|
| Top of the 3rd over - 0 runs, 0 hits, 0 errors, 0 left on base; Bullpitt 0 - Union Township 1 |
| BOTTOM OF THE 3RD |
|
Union Township Sodbusters batting - Pitching for Bullpitt Chesters : LHP Wilbur Cooper
|
|
Batting: LHB Goose Goslin
|
0-0: Called Strike 0-1: Ground out 6-3 (Groundball, 56D, EV 97.5 MPH)
|
|
Batting: SHB Frankie Frisch
|
0-0: SINGLE (Line Drive, 89S, EV 109.4 MPH)
|
|
Batting: RHB Austin McHenry
|
0-0: Ball 1-0: Foul Ball, location: 2F 1-1: Foul Ball, location: 2F 1-2: Ball 2-2: Ball 3-2: Fly out, F8 (Flyball, 8LM, EV 86.9 MPH)
|
|
Batting: RHB Chick Hafey
|
0-0: Called Strike 0-1: Ball 1-1: Ball 2-1: 2-RUN HOME RUN (Flyball, 9LD, EV 94.4 MPH), Distance : 339 ft
|
|
Batting: RHB Joe Dugan
|
0-0: Ball 1-0: Called Strike 1-1: Ball 2-1: Foul Ball, location: 2F 2-2: Ball 3-2: Foul Ball, location: 2F 3-2: Base on Balls
|
|
Batting: RHB John Kelleher
|
0-0: Ball 1-0: Called Strike 1-1: Foul Ball, location: 2F 1-2: Ground out 4-3 (Groundball, 4, EV 105.0 MPH)
|
| Bottom of the 3rd over - 2 runs, 2 hits, 0 errors, 1 left on base; Bullpitt 0 - Union Township 3 |
| TOP OF THE 4TH |
|
Bullpitt Chesters batting - Pitching for Union Township Sodbusters : RHP Stan Coveleski
|
|
Batting: RHB Milt Stock
|
0-0: Called Strike 0-1: Swinging Strike 0-2: Strikes out swinging
|
|
Batting: LHB Lou Gehrig
|
0-0: Ball 1-0: Called Strike 1-1: SOLO HOME RUN (Flyball, 7D, EV 95.0 MPH), Distance : 426 ft
|
|
Batting: RHB Harry Heilmann
|
0-0: Ball 1-0: Ball 2-0: Ball 3-0: Base on Balls
|
|
Batting: LHB Denver Grigsby
|
0-0: Foul Ball, location: 2F 0-1: Ball 1-1: Ball 2-1: Foul Ball, location: 2F 2-2: Ball 3-2: Foul Ball, location: 2F 3-2: Base on Balls Harry Heilmann to second
|
|
Batting: RHB Ossie Bluege
|
0-0: Ball 1-0: Foul Ball, location: 2F 1-1: Ball 2-1: Foul Ball, location: 2F 2-2: Foul Ball, location: 2F 2-2: Foul Ball, location: 2F 2-2: Foul Ball, location: 2F 2-2: Foul Ball, location: 2F 2-2: Ball 3-2: SINGLE (Line Drive, 3D, EV 98.8 MPH) Harry Heilmann to third Denver Grigsby to second
|
|
Batting: LHB Charlie Blackwell
|
0-0: Swinging Strike 0-1: Ball 1-1: Ball 2-1: Ball 3-1: SINGLE (Groundball, 34D, EV 93.8 MPH) Harry Heilmann scores Denver Grigsby to third Ossie Bluege to second
|
|
Batting: RHB Ernie Vick
|
0-0: SINGLE (Line Drive, 8RS, EV 104.4 MPH) Denver Grigsby scores Ossie Bluege to third Charlie Blackwell to second
|
|
Batting: RHB Wilbur Cooper
|
0-0: Called Strike 0-1: Ball 1-1: Grounds into fielders choice 4-2 (Groundball, 4, EV 88.1 MPH) Charlie Blackwell to third Ernie Vick to second
|
|
Batting: LHB Joe Sewell
|
0-0: Swinging Strike 0-1: Ball 1-1: Swinging Strike 1-2: Foul Ball, location: 2F 1-2: Ball 2-2: Foul Ball, location: 2F 2-2: Foul Ball, location: 2F 2-2: Foul Ball, location: 2F 2-2: Hit by Pitch Charlie Blackwell scores Ernie Vick to third Wilbur Cooper to second
|
|
Batting: RHB Milt Stock
|
0-0: Ball 1-0: Foul Ball, location: 2F 1-1: Ball 2-1: Swinging Strike 2-2: Ball 3-2: DOUBLE (Line Drive, 9LD, EV 103.1 MPH) Ernie Vick scores Wilbur Cooper scores Joe Sewell to third Joe Sewell scores
|
|
Now at 2B: Bobby LaMotte
|
|
|
Batting: LHB Lou Gehrig
|
0-0: Ball 1-0: Ball 2-0: Ground out 5-3 (Groundball, 56, EV 86.3 MPH)
|
| Top of the 4th over - 7 runs, 5 hits, 0 errors, 1 left on base; Bullpitt 7 - Union Township 3 |
| BOTTOM OF THE 4TH |
|
Union Township Sodbusters batting - Pitching for Bullpitt Chesters : LHP Wilbur Cooper
|
|
|
0-0: Ball 1-0: Ball 2-0: Ball 3-0: Base on Balls
|
|
Pitching: LHP Fritz Coumbe
|
|
|
Batting: RHB Bobby LaMotte
|
0-0: Called Strike 0-1: Fly out, F9 (Flyball, 89S, EV 83.8 MPH)
|
|
Batting: SHB Mike Kircher
|
0-0: Bunt missed! 0-1: Ball 1-1: Sac Bunt to P - play at first, batter OUT! 1-4 David Miner to second
|
|
Batting: LHB Goose Goslin
|
0-0: Ground out 2-3 (Groundball, 2L, EV 70.6 MPH)
|
| Bottom of the 4th over - 0 runs, 0 hits, 0 errors, 1 left on base; Bullpitt 7 - Union Township 3 |
| TOP OF THE 5TH |
|
Bullpitt Chesters batting - Pitching for Union Township Sodbusters : RHP Mike Kircher
|
|
Batting: RHB Harry Heilmann
|
0-0: Ball 1-0: Foul Ball, location: 2F 1-1: Ball 2-1: Foul Ball, location: 2F 2-2: Foul Ball, location: 2F 2-2: SINGLE (Line Drive, 78S, EV 95.0 MPH)
|
|
Batting: LHB Denver Grigsby
|
0-0: Called Strike 0-1: Called Strike 0-2: Grounds into double play, 6-4-3 (Groundball, 6, EV 110.6 MPH)
|
|
Batting: RHB Ossie Bluege
|
0-0: Foul Ball, location: 2F 0-1: Ball 1-1: Swinging Strike 1-2: Foul Ball, location: 2F 1-2: Ball 2-2: SINGLE (Line Drive, 7LS, EV 104.4 MPH)
|
|
Batting: LHB Charlie Blackwell
|
0-0: Ball 1-0: Foul Ball, location: 2F 1-1: Ball 2-1: Swinging Strike 2-2: Fly out, F5 (Popup, 56S, EV 83.1 MPH)
|
| Top of the 5th over - 0 runs, 2 hits, 0 errors, 1 left on base; Bullpitt 7 - Union Township 3 |
| BOTTOM OF THE 5TH |
|
Union Township Sodbusters batting - Pitching for Bullpitt Chesters : LHP Fritz Coumbe
|
|
Batting: SHB Frankie Frisch
|
0-0: Ball 1-0: Ground out 6-3 (Groundball, 6, EV 82.5 MPH)
|
|
Batting: RHB Austin McHenry
|
0-0: Ball 1-0: Swinging Strike 1-1: TRIPLE (Line Drive, 78XD, EV 110.6 MPH)
|
|
Batting: RHB Chick Hafey
|
0-0: SINGLE (Flyball, 8RS, EV 91.3 MPH) Austin McHenry scores
|
|
Batting: RHB Joe Dugan
|
0-0: SINGLE (Groundball, 3D, EV 99.4 MPH) Chick Hafey to second Runner from 2nd tries for 3rd, SAFE, no throw by RF
|
|
Batting: RHB John Kelleher
|
0-0: Fly out, F9 (Flyball, 9, EV 87.5 MPH) Runner from 3rd tags up, SCORES, no throw by RF
|
|
Batting: LHB David Miner
|
|
|
Batting: LHB David Miner
|
0-0: Foul Ball, location: 2F 0-1: Ball 1-1: Fielders Choice at 2nd, 6-4 (Groundball, 6, EV 92.5 MPH)
|
| Bottom of the 5th over - 2 runs, 3 hits, 0 errors, 1 left on base; Bullpitt 7 - Union Township 5 |
| BOTTOM OF THE 6TH |
|
Union Township Sodbusters batting - Pitching for Bullpitt Chesters : LHP Fritz Coumbe
|
|
Batting: RHB Bobby LaMotte
|
0-0: Swinging Strike 0-1: Swinging Strike 0-2: Ball 1-2: Ground out 5-3 (Groundball, 56, EV 102.5 MPH)
|
|
Batting: SHB Mike Kircher
|
0-0: Called Strike 0-1: Ball 1-1: Ball 2-1: Fly out, F8 (Flyball, 8RS, EV 92.5 MPH)
|
|
Batting: LHB Goose Goslin
|
0-0: Ball 1-0: SINGLE (Groundball, 4, EV 105.0 MPH) (infield hit)
|
|
Batting: SHB Frankie Frisch
|
0-0: Bunted foul 0-1: Ball 1-1: Foul Ball, location: 2F 1-2: SINGLE (Line Drive, 89M, EV 91.9 MPH) Goose Goslin to second
|
|
Batting: RHB Austin McHenry
|
0-0: Called Strike 0-1: Ball 1-1: Ball 2-1: Fly out, F9 (Flyball, 9S, EV 93.1 MPH)
|
| Bottom of the 6th over - 0 runs, 2 hits, 0 errors, 2 left on base; Bullpitt 7 - Union Township 5 |
| TOP OF THE 7TH |
|
Bullpitt Chesters batting - Pitching for Union Township Sodbusters : RHP Mike Kircher
|
|
Batting: LHB Lou Gehrig
|
0-0: Ball 1-0: Fly out, F5 (Popup, 5SF, EV 79.4 MPH)
|
|
Batting: RHB Harry Heilmann
|
0-0: Ball 1-0: Swinging Strike 1-1: Foul Ball, location: 2F 1-2: Ball 2-2: Ball 3-2: SINGLE (Flyball, 89S, EV 86.3 MPH)
|
|
Batting: LHB Denver Grigsby
|
0-0: Called Strike 0-1: Reached on error, E4 (Groundball, 34D, EV 109.4 MPH) Harry Heilmann to second
|
|
Batting: RHB Ossie Bluege
|
0-0: Called Strike 0-1: Fly out, F8 (Flyball, 89D, EV 93.1 MPH) Runner from 2nd tags up, SAFE at 3rd, no throw by CF
|
|
Batting: LHB Charlie Blackwell
|
0-0: Ball 1-0: Foul Ball, location: 2F 1-1: Foul Ball, location: 2F 1-2: Ground out 4-3 (Groundball, 34, EV 89.4 MPH)
|
| Top of the 7th over - 0 runs, 1 hit, 1 error, 2 left on base; Bullpitt 7 - Union Township 5 |
| BOTTOM OF THE 7TH |
|
Union Township Sodbusters batting - Pitching for Bullpitt Chesters : LHP Fritz Coumbe
|
|
Batting: RHB Chick Hafey
|
0-0: Ball 1-0: Called Strike 1-1: TRIPLE (Line Drive, 8LXD, EV 111.3 MPH)
|
|
Batting: RHB Joe Dugan
|
0-0: Foul Ball, location: 2F 0-1: Ball 1-1: Ball 2-1: Called Strike 2-2: Ball 3-2: Foul Ball, location: 2F 3-2: Base on Balls
|
|
Batting: RHB John Kelleher
|
0-0: Swinging Strike 0-1: Called Strike 0-2: Ball 1-2: Strikes out swinging
|
|
Batting: LHB David Miner
|
0-0: Called Strike 0-1: Foul Ball, location: 2F 0-2: Fly out, F8 (Flyball, 89M, EV 77.5 MPH)
|
|
Batting: RHB Bobby LaMotte
|
0-0: SINGLE (Flyball, 8RS, EV 91.3 MPH) Chick Hafey scores Joe Dugan to second
|
|
Batting: SHB Mike Kircher
|
0-0: Called Strike 0-1: Ground out 4-3 (Groundball, 4, EV 104.4 MPH)
|
| Bottom of the 7th over - 1 run, 2 hits, 0 errors, 2 left on base; Bullpitt 7 - Union Township 6 |
| TOP OF THE 8TH |
|
Bullpitt Chesters batting - Pitching for Union Township Sodbusters : RHP Mike Kircher
|
|
Batting: RHB Ernie Vick
|
0-0: Ball 1-0: SINGLE (Line Drive, 9S, EV 105.6 MPH)
|
|
Batting: LHB Fritz Coumbe
|
0-0: Sac Bunt to 25 - play at first, batter OUT! 5-4 Ernie Vick to second
|
|
Batting: LHB Joe Sewell
|
0-0: Intentional Walk
|
|
Batting: RHB Milt Stock
|
0-0: Ball 1-0: Foul Ball, location: 2F 1-1: Single, Error in OF, E7, batter to second base (Line Drive, 56D, EV 98.1 MPH) Ernie Vick scores Joe Sewell to third
|
|
Batting: LHB Lou Gehrig
|
0-0: Intentional Walk
|
|
Batting: RHB Harry Heilmann
|
0-0: Swinging Strike 0-1: Foul Ball, location: 2F 0-2: Ball 1-2: Ball 2-2: Foul Ball, location: 2F 2-2: SINGLE (Line Drive, 9LS, EV 105.0 MPH) Joe Sewell scores Milt Stock to third Lou Gehrig to second
|
|
Batting: LHB Denver Grigsby
|
0-0: Ball 1-0: Ball 2-0: Foul Ball, location: 2F 2-1: Ball 3-1: Swinging Strike 3-2: Fly out, F8 (Flyball, 78D, EV 88.1 MPH) Runner from 3rd tags up, SCORES, throw by CF
|
|
Batting: RHB Ossie Bluege
|
0-0: Called Strike 0-1: Called Strike 0-2: Ground out 4-3 (Groundball, 4, EV 92.5 MPH)
|
| Top of the 8th over - 3 runs, 3 hits, 1 error, 2 left on base; Bullpitt 10 - Union Township 6 |
| BOTTOM OF THE 8TH |
|
Union Township Sodbusters batting - Pitching for Bullpitt Chesters : LHP Fritz Coumbe
|
|
Batting: LHB Goose Goslin
|
0-0: Ground out 4-3 (Groundball, 4, EV 92.5 MPH)
|
|
Batting: SHB Frankie Frisch
|
0-0: SINGLE (Groundball, 4MD, EV 99.4 MPH)
|
|
Batting: RHB Austin McHenry
|
0-0: Ball 1-0: Called Strike 1-1: Ball 2-1: SINGLE (Line Drive, 89S, EV 104.4 MPH) Frankie Frisch to second Runner from 2nd tries for 3rd, SAFE, throw by RF made to third
|
|
Pitching: RHP John Martina
|
|
|
Batting: RHB Chick Hafey
|
0-0: Ball 1-0: Foul Ball, location: 2F 1-1: Called Strike 1-2: Strikes out swinging
|
|
Batting: RHB Joe Dugan
|
0-0: Ball 1-0: Ball 2-0: Ball 3-0: Called Strike 3-1: Called Strike 3-2: Base on Balls Austin McHenry to second
|
|
Batting: RHB John Kelleher
|
0-0: Foul Ball, location: 2F 0-1: SINGLE (Line Drive, 56, EV 95.0 MPH) Frankie Frisch scores Austin McHenry to third Joe Dugan to second Runner from 3rd tries for Home, SAFE, throw by LF to home
|
|
Batting: LHB David Miner
|
0-0: Called Strike 0-1: SINGLE (Line Drive, 89M, EV 98.8 MPH) Joe Dugan to third John Kelleher to second Runner from 3rd tries for Home, SAFE, throw by RF to home
|
|
Batting: RHB Bobby LaMotte
|
0-0: Ball 1-0: Swinging Strike 1-1: Foul Ball, location: 2F 1-2: SINGLE (Groundball, 6MD, EV 98.1 MPH) John Kelleher to third David Miner to second Runner from 3rd tries for Home, SAFE, throw by CF to home
|
|
Batting: SHB Mike Kircher
|
0-0: Called Strike 0-1: Ground out 3-1 (Groundball, 34, EV 85.0 MPH)
|
| Bottom of the 8th over - 4 runs, 5 hits, 0 errors, 2 left on base; Bullpitt 10 - Union Township 10 |
| TOP OF THE 9TH |
|
Bullpitt Chesters batting - Pitching for Union Township Sodbusters : RHP Mike Kircher
|
|
Batting: LHB Charlie Blackwell
|
0-0: Fly out, F9 (Flyball, 89D, EV 83.8 MPH)
|
|
Batting: RHB Ernie Vick
|
0-0: Called Strike 0-1: Ball 1-1: SINGLE (Groundball, 4MD, EV 101.9 MPH)
|
|
Batting: RHB John Martina
|
0-0: Sac Bunt to 23 - play at first, batter OUT! 3-4 Ernie Vick to second
|
|
Batting: LHB Joe Sewell
|
0-0: Intentional Walk
|
|
Batting: RHB Milt Stock
|
0-0: Ball 1-0: Called Strike 1-1: Swinging Strike 1-2: Foul Ball, location: 2F 1-2: Ball 2-2: Ball 3-2: Foul Ball, location: 2F 3-2: Foul Ball, location: 2F 3-2: SINGLE (Line Drive, 6M, EV 96.3 MPH) Ernie Vick to third Joe Sewell to second Ernie Vick scores Joe Sewell to third
|
|
Batting: LHB Lou Gehrig
|
0-0: Called Strike 0-1: Foul Ball, location: 2F 0-2: SINGLE (Line Drive, 7S, EV 106.9 MPH) Joe Sewell scores Milt Stock to second
|
|
Pitching: RHP Rube Marshall
|
|
|
Batting: RHB Harry Heilmann
|
0-0: Called Strike 0-1: SINGLE (Line Drive, 78M, EV 91.3 MPH) Milt Stock to third Lou Gehrig to second Runner from 3rd tries for Home, SAFE, throw by LF to home
|
|
Batting: LHB Denver Grigsby
|
0-0: Called Strike 0-1: Ball 1-1: Foul Ball, location: 2F 1-2: Ground out 1-3 (Groundball, 15S, EV 66.9 MPH)
|
| Top of the 9th over - 3 runs, 4 hits, 0 errors, 2 left on base; Bullpitt 13 - Union Township 10 |
| BOTTOM OF THE 9TH |
|
Union Township Sodbusters batting - Pitching for Bullpitt Chesters : RHP John Martina
|
|
Batting: LHB Goose Goslin
|
0-0: Called Strike 0-1: Ball 1-1: Swinging Strike 1-2: Ball 2-2: Ball 3-2: Fly out, F8 (Line Drive, 8RD, EV 85.0 MPH)
|
|
Batting: SHB Frankie Frisch
|
0-0: Called Strike 0-1: SINGLE (Line Drive, 8LS, EV 90.0 MPH)
|
|
Batting: RHB Austin McHenry
|
0-0: Ball 1-0: Grounds into double play, 4-6-3 (Groundball, 4, EV 91.3 MPH)
|
| Bottom of the 9th over - 0 runs, 1 hit, 0 errors, 0 left on base; Bullpitt 13 - Union Township 10 |
|